 Seeded DCSS version 0.30.0-29-ga12c61a403 (webtiles) character file.

Game seed: 14510711441694506664 (custom seed)

740 RascalDebosk the Magician (level 8, -1/56 HPs)
             Began as a Djinni Conjurer on June 3, 2023.
             Was an Initiate of Ashenzari.
             Killed by an exploding fulminant prism (28 damage)
             ... on level 5 of the Dungeon.
             The game lasted 00:25:15 (4945 turns).

RascalDebosk the Magician (Djinni Conjurer)         Turns: 4945, Time: 00:25:16

Health: -1/56      AC:  3    Str: 12    XL:     8   Next: 5%
Gold:   159        EV: 12    Int: 22    God:    Ashenzari [......] SH:  0 Dex: 12

rFire   + + .        y - +2 dagger (venom)
rCold   x . .        (no shield)
rNeg    . . .        a - +0 robe
rPois   ∞            (no helmet)
rElec   .            (no cloak)
rCorr   .            h - +0 pair of gloves
SInv    .            (boots unavailable)
Will    .....        i - amulet of regeneration
Stlth   ++           o - +6 ring of strength
HPRegen 1.09/turn    (no ring)
MPRegen 0.00/turn

%: infuse magic (-2 HP)
@: flying
A: sickness immunity, fire resistance 2, cold vulnerability 1, float, innate
caster, HP casting, extra vitality 1
a: Renounce Religion


You were on level 5 of the Dungeon.
You worshipped Ashenzari.
Ashenzari was noncommittal.
You visited 2 branches of the dungeon, and saw 6 of its levels.
You also visited: Sewer.

You collected 159 gold pieces.

Inventory:

Hand Weapons
 y - a +2 dagger of venom (weapon)
Armour
 a - a +0 robe (worn)
 h - a +0 pair of gloves (worn)
Jewellery
 i - an amulet of regeneration (around neck)
 o - a +6 ring of strength (left hand)
Scrolls
 b - a scroll of enchant weapon {unknown}
 c - 5 scrolls of teleportation {unknown}
 d - a scroll of amnesia {unknown}
 f - 2 scrolls of noise {unknown}
 g - 3 scrolls of immolation {unknown}
 j - 6 scrolls of identify {unknown}
 r - a scroll of poison {unknown}
 s - a scroll of acquirement {unknown}
 t - 2 scrolls of blinking {unknown}
 u - a scroll of fear {unknown}
 w - a scroll of vulnerability {unknown}
 x - a scroll of brand weapon {unknown}
Potions
 e - a potion of lignification {unknown}
 k - a potion of haste {unknown}
 l - 2 potions of degeneration {unknown}
 m - a potion of flight {unknown}
 n - 2 potions of attraction {unknown}
 p - 2 potions of curing {unknown}
 q - a potion of invisibility {unknown}
 v - a potion of brilliance {unknown}
 z - 4 potions of heal wounds {unknown}
 A - a potion of might {unknown}


   Skills:
 + Level 3.2 Fighting
 + Level 3.3 Armour
 - Level 2.1 Dodging
 - Level 1.5 Stealth
 * Level 6.0 Spellcasting


You knew the following spells:

 Your Spells              Type           Power      Damage    Failure   Level
a - Magic Dart            Conj           100%       1d8       1%          1
b - Searing Ray           Conj           66%        2d6       1%          2
c - Dazzling Flash        Conj/Hex       66%        N/A       2%          3
d - Fulminant Prism       Conj/Hex       16%        3d10      8%          4
e - Iskenderun's Mystic   Conj/Tloc      33%        2d8       8%          4
f - Slow                  Hex            100%       N/A       1%          1
g - Poisonous Vapours     Pois/Air       66%        N/A       1%          2
h - Inner Flame           Hex/Fire       33%        N/A       2%          3
Your spell library was empty.

Dungeon Overview and Level Annotations

Branches:
Dungeon (5/15)             Temple (1/1) D:5           Sewer (visited)

Altars:
Ashenzari
Cheibriados
Dithmenos
Elyvilon
Fedhas
Gozag
Hepliaklqana
Makhleb
Nemelex Xobeh
Okawaru
Qazlal
Uskayaw
Wu Jian
Zin
The Shining One

Annotations:
D:5 Menkaure


Innate Abilities, Weirdness & Mutations

You are immune to sickness and miasma.
You are immune to poison.
Your flesh is very heat resistant. (rF++)
You are vulnerable to cold. (rC-)
You float through the air rather than walking.
You learn spells naturally, not from books.
Your magical power is your life essence.
You have superior vitality. (+4 MHP)


Message History

Found a white marble altar of Elyvilon.
There is a broken altar of Ashenzari here.
Unknown command.
Press < or > to pray at altars.
Unknown command.
Press < or > to pray at altars.
Unknown command.
Press < or > to pray at altars.
You hover solemnly before the altar of Ashenzari.
Ashenzari welcomes you!
Ashenzari warns you of distant threats and treasures.
Ashenzari reveals the structure of the dungeon to you.
Ashenzari shows you where magical portals lie.
Found a radiant altar of Vehumet.
Found a stormy altar of Qazlal and a burning altar of Makhleb.
Found a glowing silver altar of Zin.
There is a stormy altar of Qazlal here.
Found a hazy altar of Hepliaklqana.
Done exploring.
There is a white marble altar of Elyvilon here.
There is a shadowy altar of Dithmenos here.
There is a staircase back to the Dungeon here.
You fly upwards.
Welcome back to the Dungeon!
There is a staircase to the Ecumenical Temple here.
Found a mace.
Found a hand axe.
You now have 159 gold pieces (gained 9).
An iguana comes into view.
Casting: Poisonous Vapours (safe; 1% risk of failure)
Confirm with . or Enter, or press ? or * to list all spells.
Aiming: Poisonous Vapours (safe; 1% risk of failure)
Press: ? - help, Dir - move target, f - iguana
Aim: an iguana (wandering, hasn't noticed you) Poisonous vapours surround the iguana!
The iguana is poisoned.
The iguana hisses angrily.
Casting: Poisonous Vapours (safe; 1% risk of failure)
Confirm with . or Enter, or press ? or * to list all spells.
You can't see any susceptible monsters within range! (Use Z to cast anyway.) Unknown command.
Casting: Poisonous Vapours (safe; 1% risk of failure)
Confirm with . or Enter, or press ? or * to list all spells.
Aiming: Inner Flame (dangerous; 2% risk of failure)
Press: ? - help, Dir - move target, f/p - iguana
Aim: an iguana (lightly wounded, very poisoned, chance to affect: 91%)
The iguana is filled with an inner flame.
Flame seeps out of the iguana.
The iguana is engulfed in blazing flames.
Flame seeps out of the iguana.
Casting: Inner Flame (dangerous; 2% risk of failure)
Confirm with . or Enter, or press ? or * to list all spells.
Aiming: Poisonous Vapours (safe; 1% risk of failure)
Press: ? - help, Dir - move target, f/p - iguana
Aim: an iguana (severely wounded, inner flame, very poisoned) Poisonous vapours surround the iguana!
The iguana looks as sick as possible!
Flame seeps out of the iguana.
The iguana is engulfed in blazing flames.
The iguana explodes!
You hear an angry hiss.
You start resting.
HP restored.
You start waiting.
Done waiting.
Menkaure, Prince of Dust comes into view.
Casting: Poisonous Vapours (safe; 1% risk of failure)
Confirm with . or Enter, or press ? or * to list all spells.
Aiming: Inner Flame (dangerous; 2% risk of failure)
Press: ? - help, Dir - move target, f - Menkaure
Aim: Menkaure (wandering, hasn't noticed you, chance to affect: 86%) Menkaure shouts!
Menkaure barely resists.
Casting: Inner Flame (dangerous; 2% risk of failure)
Confirm with . or Enter, or press ? or * to list all spells.
Aiming: Inner Flame (dangerous; 2% risk of failure)
Press: ? - help, Dir - move target, f/p - Menkaure
Aim: Menkaure (chance to affect: 86%) Menkaure is filled with an inner flame.
Menkaure mumbles some strange words.
Menkaure seems to speed up.
Casting: Inner Flame (dangerous; 2% risk of failure)
Confirm with . or Enter, or press ? or * to list all spells.
Aiming: Fulminant Prism (dangerous; 8% risk of failure)
Press: ? - help, Dir - move target, p - Menkaure You conjure a prism of explosive energy!
A fulminant prism comes into view.
Menkaure hits your fulminant prism!
Your fulminant prism detonates feebly.
Casting: Fulminant Prism (dangerous; 8% risk of failure)
Confirm with . or Enter, or press ? or * to list all spells.
Aiming: Fulminant Prism (dangerous; 8% risk of failure)
Press: ? - help, Dir - move target You conjure a prism of explosive energy!
A fulminant prism comes into view.
Menkaure calls on the powers of darkness!
Your body is wracked with pain!
* * * LOW HITPOINT WARNING * * *
Your fulminant prism crackles loudly.
Your fulminant prism explodes!
The blast of energy engulfs Menkaure!
Flame seeps out of Menkaure.
Menkaure is severely damaged.
The blast of energy engulfs you!!
Ouch! That really hurt!
You die...

.# .# # .#.#
##.#.####
#........ #
########M.#.#
#.........#.#
..######.##.#
#@##.# #.##.##
#.#.#.####.###
#..###........
###.#.##.#####
##.###.# ### #.#
#.# ).# ##.###.#
#.# ###
##...##.#########


You could see Menkaure (fast, inner flame).

Vanquished Creatures
  3 kobold brigands (Sewer)
  2 scorpions (D:4)
  2 hounds (D:4)
  2 iguanas
  Robin (D:4)
  4 gnolls (D:3)
  9 adders
  5 river rats (Sewer)
  A white imp (D:5)
  2 ufetubi
  4 worms
  3 dart slugs
  An orc (D:3)
  8 ball pythons
  6 endoplasms
  7 giant cockroaches
  3 hobgoblins (D:1)
  2 jackals (D:2)
  11 kobolds
  4 quokkas
  4 bats
  A frilled lizard (D:2)
  16 goblins
  4 rats
  A spectral goblin (D:1)
  A butterfly (D:5)
107 creatures vanquished.

Vanquished Creatures (others)
  3 fulminant prisms
3 creatures vanquished.

Grand Total: 110 creatures vanquished

Notes
Turn   | Place    | Note
-------+----------+-------------------------------------------
     0 | D:1      | RascalDebosk the Djinni Conjurer began the quest for the
                  | Orb.
     0 | D:1      | RascalDebosk set off with the following spells memorised:
                  | Magic Dart, Searing Ray, Dazzling Flash, Fulminant Prism,
                  | Iskenderun's Mystic Blast.
     0 | D:1      | Reached XP level 1. HP: 15/15 MP: 0/0
   149 | D:1      | Reached XP level 2. HP: 19/21 MP: 0/0
   457 | D:1      | Found a faded altar of an unknown god.
   816 | D:2      | Reached XP level 3. HP: 24/25 MP: 0/0
   816 | D:2      | Learned a level 1 spell: Slow
   955 | D:2      | Reached skill level 4 in Spellcasting
  1407 | D:2      | Reached XP level 4. HP: 29/31 MP: 0/0
  1571 | D:3      | Reached XP level 5. HP: 35/36 MP: 0/0
  1571 | D:3      | Learned a level 2 spell: Poisonous Vapours
  2490 | D:4      | Reached skill level 1 in Fighting
  2490 | D:4      | Reached skill level 1 in Armour
  2503 | D:4      | Reached XP level 6. HP: 23/42 MP: 0/0
  2626 | D:4      | Reached skill level 5 in Spellcasting
  2664 | D:4      | Found a glowing drain.
  2685 | Sewer    | Entered a sewer
  2858 | Sewer    | Reached XP level 7. HP: 42/49 MP: 0/0
  2858 | Sewer    | Learned a level 3 spell: Inner Flame
  3683 | D:4      | Found an ornate altar of the Wu Jian Council.
  4009 | D:4      | Noticed Robin
  4013 | D:4      | Killed Robin
  4389 | D:5      | Entered Level 5 of the Dungeon
  4532 | D:5      | Reached skill level 6 in Spellcasting
  4532 | D:5      | Reached XP level 8. HP: 54/56 MP: 0/0
  4584 | D:5      | Found a staircase to the Ecumenical Temple.
  4602 | Temple   | Entered the Ecumenical Temple
  4652 | Temple   | Became a worshipper of Ashenzari the Shackled
  4937 | D:5      | Noticed Menkaure
  4945 | D:5      | Killed by an exploding fulminant prism

Illustrated notes

Levels and vault maps discovered:
D:1:      dpeg_arrival_simpleton_a, layout_basic,
          dreamdust_ecumenical_altar_drowned_temple, minmay_misc_feat_room
D:2:      layout_basic, basic_altar
D:3:      layout_loops_ring
D:4:      layout_basic, nicolae_wu_jian_immortal_techniques,
          gup_sewer_entry_spiral, uniq_robin
D:5:      layout_loops_ring, minmay_temple_entry_butterflies, uniq_menkaure
Temple:   regret_index_temple_waves

Skill      XL: |  1  2  3  4  5  6  7 |
---------------+----------------------+-----
Spellcasting   | 4 5 6 |  6.0
Fighting       | 1 2 3 |  3.2
Armour         | 1 2 3 |  3.3
Dodging        | |  2.1
Stealth        | |  1.5

Action                     |  1- 3 |  4- 6 |  7- 9 || total
---------------------------+-------+-------+-------++-------
  Melee: Dagger            |     4 |    40 |    42 ||    86
   Cast: Magic Dart        |    55 |    20 |     2 ||    77
         Searing Ray       |     3 |     2 |       ||     5
         Dazzling Flash    |     1 |       |       ||     1
         Fulminant Prism   |       |     1 |     2 ||     3
         Poisonous Vapours |       |    70 |    45 ||   115
         Iskenderun's Myst |       |     1 |     1 ||     2
         Inner Flame       |       |       |    21 ||    21
   Stab: Invisible         |     2 |       |       ||     2
 Armour: Robe              |     2 |    13 |     8 ||    23
  Dodge: Dodged            |    10 |    39 |    30 ||    79
